Map: Acropolis LE

Players

ArcaDeNoé

  • Race: Terran Terran
  • League: Master
  • Spawn Location: 11:00

Mez - Winner!

  • Race: Terran Terran
  • League: Master
  • Spawn Location: 5:00

VOD

Have the link to the VOD?

Description

Time

  • Played on: Aug. 12, 2019, 4:55 p.m.
  • Length: 16:29
Show
View Real Time Build Order
Export as new Build Order

ArcaDeNoé Terran 

Build Orders: Cyclone Opening 

Get SALT Encoding   

  12  0:00  SCV  
  13  0:13  SCV  
  14  0:17  Supply Depot  
  14  0:25  SCV  
  15  0:36  Refinery  
  15  0:38  SCV  
  16  0:45  Barracks  
  16  0:51  SCV  
  17  1:03  SCV  
  18  1:06  Refinery  
  18  1:15  SCV  
  19  1:27  SCV  
  20  1:33  Reaper  
  20  1:39  Orbital Command  
  21  1:43  Factory  
  21  1:55  Supply Depot  
  21  2:06  Reaper  
  22  2:10  SCV  
  23  2:26  Factory Tech Lab  
  23  2:27  SCV  
  23  2:39  SCV  
  23  2:46  Cyclone  
  23  2:48  Command Center  
  23  2:49  Barracks Reactor  
  26  2:55  Bunker  
  26  2:57  SCV  
  26  3:08  Supply Depot  
  26  3:09  SCV  
  27  3:14  Starport  
  26  3:25  Cyclone, Marine x2  
  31  3:32  SCV  
  32  3:44  Marine x2  
  32  3:48  SCV  
  35  4:00  Refinery  
  35  4:03  SCV  
  35  4:06  Raven, Factory Tech Lab  
  35  4:07  Marine  
  39  4:10  Marine  
  39  4:15  SCV  
  41  4:18  Orbital Command  
  41  4:25  Marine  
  41  4:27  Siege Tank, SCV  
  41  4:28  Marine  
  47  4:39  SCV  
  47  4:40  Supply Depot  
  47  4:42  Marine  
  49  4:46  Marine  
  49  4:48  SCV  
  49  4:51  Raven  
  49  4:52  SCV  
  53  5:05  Marine x2  
  55  5:07  SCV  
  54  5:15  SCV  
  54  5:19  Siege Tank, SCV  
  59  5:21  Command Center  
  59  5:27  SCV  
  62  5:40  SCV  
  61  5:45  Refinery, Engineering Bay, SCV  
  61  5:47  Engineering Bay  
  61  5:48  Supply Depot  
  62  5:53  Viking, SCV  
  62  5:54  Viking  
  67  6:03  Siege Tank  
  70  6:09  Stimpack, Marine  
  70  6:10  SCV  
  72  6:17  SCV  
  72  6:21  Terran Infantry Weapons Level 1  
  72  6:22  Terran Infantry Armor Level 1  
  72  6:38  Viking x2  
  70  6:48  Marine  
  70  6:49  Siege Tank  
  70  6:50  SCV  
  70  6:52  SCV  
  70  6:53  Orbital Command  
  76  7:02  SCV  
  76  7:05  Barracks  
  76  7:06  SCV  
  76  7:08  Barracks  
  78  7:14  SCV  
  79  7:18  SCV  
  79  7:20  Viking  
  79  7:21  Viking  
  79  7:22  Marine  
  83  7:25  Siege Tank  
  86  7:31  Supply Depot  
  86  7:32  SCV  
  86  7:34  Supply Depot  
  87  7:40  Marine  
  87  7:41  SCV x2  
  90  7:45  SCV, Armory  
  91  7:53  Barracks Reactor, SCV  
  91  7:54  Barracks Reactor  
  91  7:55  Viking  
  91  7:56  Viking  
  96  8:03  Marine  
  96  8:04  Supply Depot  
  96  8:05  SCV x3  
  100  8:13  Siege Tank  
  100  8:14  Combat Shield  
  100  8:17  SCV x2  
  105  8:26  Barracks x2  
  105  8:27  Viking  
  105  8:29  Viking  
  105  8:31  SCV  
  105  8:32  SCV  
  105  8:33  SCV  
  110  8:43  Marine  
  110  8:45  Marine x4  
  110  8:47  SCV x3  
  117  8:48  Terran Infantry Weapons Level 2  
  115  8:59  SCV  
  115  9:01  Marine  
  115  9:02  Viking x2, Siege Tank  
  120  9:03  Marine  
  125  9:11  Sensor Tower, Refinery x2  
  125  9:13  SCV  
  125  9:26  Command Center  
  125  9:27  Barracks Reactor x2  
  125  9:28  Supply Depot  
  125  9:29  Supply Depot  
  125  9:45  Marine  
  125  9:46  Marine  
  125  9:49  Siege Tank, SCV, Marine x3  
  129  9:59  Medivac  
  130  10:03  Marine x2  
  130  10:04  Marine  
  130  10:06  Factory  
  131  10:07  Marine x2  
  131  10:08  Marine  
  131  10:11  Marine  
  130  10:17  Medivac  
  130  10:21  Siege Tank, Marine  
  126  10:22  Marine  
  126  10:25  Marine  
  126  10:26  Marine  
  103  10:40  Marine x7  
  104  10:45  Marine  
  104  10:46  Marine  
  106  10:53  Siege Tank  
  109  10:58  Marine x2  
  109  11:02  Marine  
  103  11:06  Marine  
  103  11:07  Marine  
  103  11:08  Marine x4  
  103  11:09  Medivac  
  104  11:15  Marine  
  104  11:16  Factory Tech Lab  
  104  11:20  Marine  
  105  11:26  Siege Tank, Marine  
  105  11:27  Marine x2  
  105  11:31  Marine x4  
  115  11:33  Marine  
  115  11:34  SCV  
  115  11:38  Marine  
  115  11:39  Medivac  
  120  11:44  Siege Tank, Marine x2  
  120  11:45  Marine  
  126  11:49  Marine x4  
  126  11:51  Supply Depot  
  130  11:57  Sensor Tower  
  130  11:58  Siege Tank, Supply Depot  
  130  11:59  Supply Depot  
  130  12:00  Supply Depot  
  133  12:07  Marine x2  
  134  12:12  Marine x2  
  134  12:15  Starport Reactor  
  120  12:23  Marine  
  120  12:25  Marine  
  121  12:32  Marine x7  
  121  12:33  Command Center  
  126  12:41  Marine  
  126  12:42  Marine  
  128  12:49  Siege Tank, Marine  
  128  12:50  Marine x2  
  131  13:03  Marine  
  131  13:04  Siege Tank, Marine x5  
  124  13:07  Marine  
  124  13:08  Marine x2  
  123  13:15  SCV  
  124  13:21  Siege Tank, Marine x5  
  124  13:22  Marine  
  124  13:25  Marine x3  
  124  13:27  SCV x2, Supply Depot  
  138  13:35  Liberator  
  138  13:36  Liberator  
  138  13:39  Siege Tank, Marine x5  
  146  13:44  Terran Infantry Armor Level 2  
  151  14:03  Marine  
  151  14:04  Marine x6  
  158  14:15  Marine  
  158  14:16  Siege Tank, Marine  
  163  14:18  Liberator  
  163  14:21  Marine x2  
  163  14:22  Planetary Fortress  
  165  14:24  Marine x3  
  168  14:32  SCV  
  168  14:35  Marine  
  168  14:36  Marine  
  168  14:37  Siege Tank  
  170  14:59  Marine x9  
  174  15:00  SCV  
  167  15:17  Marine x7  
  167  15:19  Marine x2  
  167  15:20  Siege Tank  
  176  15:26  Liberator  
  143  15:34  Marine x2  
  143  15:35  Marine x5  
  119  15:36  Marine  
  119  15:37  Marine  
  119  15:38  Siege Tank  
  127  15:50  SCV  
  127  15:52  Siege Tank, Marine x6  
  137  16:01  Marine  
  137  16:02  Marine x2  
  140  16:10  Marine x2  
  144  16:17  SCV x2  
Show
View Real Time Build Order
Export as new Build Order

Mez Terran - Winner!

Build Orders: Reaper Expand 

Get SALT Encoding   

  12  0:01  SCV  
  13  0:13  SCV  
  14  0:17  Supply Depot  
  14  0:25  SCV  
  15  0:39  SCV  
  15  0:42  Barracks  
  16  0:45  Refinery  
  16  0:51  SCV  
  17  1:03  SCV  
  18  1:15  SCV  
  19  1:29  Orbital Command  
  19  1:30  Reaper  
  20  1:46  Command Center  
  20  2:00  Bunker  
  20  2:02  SCV  
  20  2:04  Barracks Reactor  
  21  2:10  Refinery  
  21  2:12  Supply Depot  
  21  2:14  SCV  
  22  2:25  Factory  
  22  2:29  SCV  
  22  2:42  SCV  
  23  2:51  Marine x2  
  25  3:01  SCV  
  26  3:08  Marine x2  
  28  3:25  SCV  
  29  3:28  Factory Tech Lab  
  29  3:30  Marine x2  
  29  3:32  Starport  
  31  3:38  SCV  
  31  3:39  Orbital Command  
  32  3:47  Cyclone  
  35  3:48  Marine x2  
  35  3:50  SCV  
  35  3:52  Supply Depot  
  38  4:02  SCV  
  39  4:05  SCV  
  39  4:07  Marine x2  
  39  4:08  Starport Tech Lab  
  42  4:14  SCV  
  43  4:17  SCV  
  43  4:18  Supply Depot  
  43  4:22  Siege Tank  
  47  4:26  SCV  
  47  4:27  Raven  
  47  4:29  SCV  
  47  4:30  Refinery  
  51  4:34  Marine x2  
  53  4:38  SCV  
  53  4:41  SCV  
  55  4:50  SCV  
  55  4:52  Supply Depot  
  56  4:53  SCV  
  56  4:56  Siege Tank, Marine x2  
  62  5:09  Supply Depot  
  62  5:13  SCV x2  
  64  5:16  Supply Depot  
  64  5:21  Command Center  
  64  5:26  SCV x2  
  64  5:28  Marine x2  
  68  5:30  Siege Tank  
  68  5:33  Raven  
  73  5:38  SCV, Barracks  
  73  5:40  Barracks  
  73  5:41  Supply Depot  
  74  5:45  SCV, Supply Depot  
  74  5:48  Marine  
  74  5:49  Marine  
  77  6:00  SCV x2  
  79  6:05  Engineering Bay, Supply Depot  
  79  6:06  Engineering Bay  
  79  6:08  Supply Depot  
  79  6:12  SCV x2  
  79  6:17  Siege Tank  
  84  6:28  Viking x2  
  84  6:29  Stimpack  
  84  6:30  Refinery  
  84  6:46  Marine  
  85  6:50  Barracks Reactor x2  
  85  6:58  Viking x2  
  89  7:04  Marine  
  90  7:19  Siege Tank  
  90  7:20  SCV x2  
  90  7:22  Marine  
  96  7:23  Terran Infantry Weapons Level 1, Supply Depot  
  96  7:24  Terran Infantry Armor Level 1, Barracks  
  96  7:25  Barracks, Supply Depot  
  98  7:33  Orbital Command  
  98  7:34  SCV  
  99  7:40  Marine  
  99  7:41  Refinery  
  99  7:42  Marine, Medivac x2  
  99  7:43  Marine x3  
  106  7:47  SCV  
  106  7:49  Supply Depot  
  107  7:54  Supply Depot  
  107  7:56  SCV  
  108  7:59  SCV  
  108  8:04  SCV  
  110  8:07  Marine x5  
  110  8:08  SCV  
  110  8:12  Siege Tank  
  119  8:13  Barracks Reactor  
  119  8:17  Supply Depot  
  118  8:20  Barracks Reactor  
  118  8:22  SCV  
  118  8:25  Marine x3, Medivac  
  124  8:28  Medivac  
  124  8:31  SCV x2  
  128  8:35  SCV  
  128  8:39  Marine x2  
  130  8:41  Combat Shield  
  130  8:42  Marine  
  130  8:43  SCV  
  130  8:44  SCV, Supply Depot  
  132  8:49  Armory  
  132  8:50  Marine x3  
  132  8:51  Marine  
  136  9:00  Marine  
  136  9:01  Marine x3  
  140  9:03  SCV x3  
  141  9:13  Marine x4  
  141  9:14  Marine  
  141  9:15  Siege Tank, SCV  
  150  9:25  Marine  
  150  9:26  Marine x3  
  150  9:31  SCV, Marine  
  154  9:32  SCV, Supply Depot x2  
  154  9:33  Factory  
  154  9:38  Refinery  
  157  9:41  Marine x2  
  157  9:42  Marine x2  
  160  9:47  Terran Infantry Weapons Level 2  
  160  9:49  Factory  
  148  9:56  Marine x5  
  148  9:59  Marine x2  
  155  10:13  Marine x2  
  155  10:14  Siege Tank, Marine x2  
  156  10:21  Marine x3  
  156  10:23  Medivac x2  
  136  10:40  Marine x9  
  127  10:51  Command Center, Barracks x2  
  127  10:52  Barracks  
  127  10:58  Marine x9  
  135  11:08  Siege Tank  
  116  11:13  Medivac x2  
  116  11:15  Marine  
  116  11:16  Marine x8  
  129  11:33  Marine  
  129  11:34  Marine  
  129  11:35  Factory Tech Lab  
  131  11:40  Siege Tank  
  131  11:46  Barracks Reactor x2  
  134  11:51  Barracks Reactor  
  134  11:55  Refinery, Command Center  
  134  11:56  Terran Infantry Armor Level 2  
  134  11:58  Refinery, Terran Vehicle Weapons Level 1  
  134  12:05  Marine x9  
  143  12:11  Siege Tank, Medivac  
  147  12:18  Missile Turret  
  147  12:21  Missile Turret  
  147  12:23  Marine x4  
  147  12:25  Marine  
  147  12:26  Marine x5  
  155  12:33  Siege Tank  
  151  12:44  Siege Tank  
  154  13:05  Siege Tank  
  127  13:07  Marine x14  
  127  13:12  Medivac x2  
  140  13:13  Marine  
  140  13:14  Planetary Fortress  
  140  13:16  SCV  
  142  13:20  Siege Tank  
  142  13:25  Marine  
  146  13:27  Marine  
  146  13:28  Marine x2  
  146  13:29  Marine  
  146  13:30  Marine  
  151  13:37  Siege Tank  
  154  13:47  Marine x13  
  154  13:48  Marine  
  168  13:52  Sensor Tower  
  168  13:59  Marine  
  168  14:00  Siege Tank  
  172  14:05  Marine  
  172  14:09  Siege Tank  
  176  14:12  Missile Turret  
  176  14:18  Marine  
  176  14:19  Marine x6  
  176  14:23  Missile Turret  
  183  14:25  Marine  
  183  14:26  Marine  
  185  14:32  Siege Tank, Planetary Fortress  
  188  14:41  Siege Tank  
  182  15:26  Marine x6  
  182  15:27  Marine x9  
  182  15:28  Siege Tank x2, Medivac x2  
  167  15:41  SCV  
  167  15:42  SCV x2  
  167  15:44  Marine x4  
  171  15:54  Sensor Tower  
  171  15:58  Medivac  
  171  16:02  Starport  
  171  16:03  Starport  
Tags
 
Add a new tag
Caveats
  • Supply blocks, unpowered buildings, or Contaminate may cause inaccurate times.
  • Supply counts are checked every 10 seconds.